 Dungeon Crawl Stone Soup version 0.28-a0-620-g539b0f7ac7 (webtiles) character file.

Game seed: 9804146356914981508

5584 bande the Cleaver (level 10, -6/63 HPs)
             Began as a Gargoyle Fighter on Oct 7, 2021.
             Killed by divine providence
             ... invoked by a smoke demon
             ... summoned by a kobold demonologist
              (12 damage)
             ... on level 9 of the Dungeon.
             The game lasted 00:17:59 (10918 turns).

bande the Cleaver (Gargoyle Fighter)               Turns: 10918, Time: 00:18:00

Health: -6/63      AC: 21    Str: 21    XL:     10   Next: 72%
Magic:  10/10      EV:  8    Int:  9    God:
Gold:   410        SH:  5    Dex: 11    Spells: 9/9 levels left

rFire   + . .      SeeInvis .   a - +1 war axe
rCold   . . .      Faith    .   c - +0 buckler
rNeg    + . .      Spirit   .   n - +0 chain mail
rPois   ∞          Reflect  .   (no helmet)
rElec   +          Harm     .   u - +0 cloak
rCorr   .          Rampage  .   g - +1 pair of gloves
Will    .....      Rage     1%  (no boots)
Stlth   ..........              (no amulet)
HPRegen 0.20/turn               D - ring of protection from fire
MPRegen 0.12/turn               (no ring)

@: flying
A: sickness immunity, AC +7, negative energy resistance 1, electricity
resistance, torment resistance 1, petrification resistance, big wings, berserk
1, MP-powered wands
a: no special abilities


You were on level 9 of the Dungeon.
You visited 2 branches of the dungeon, and saw 10 of its levels.
You also visited: Ossuary.

You collected 410 gold pieces.

Inventory:

Hand Weapons
 a - a +1 war axe (weapon)
 v - a +2 vorpal mace
 y - a +4 mace of freezing
Armour
 c - a +0 buckler (worn)
 g - a +1 pair of gloves (worn)
 n - a +0 chain mail (worn)
 u - a +0 cloak (worn)
Jewellery
 i - a ring of magical power
 D - a ring of protection from fire (left hand)
Wands
 q - a wand of paralysis (12)
Scrolls
 e - 5 scrolls of amnesia
 p - 3 scrolls of teleportation
 r - 2 scrolls of enchant armour
 x - a scroll of magic mapping
 A - a scroll of fear
 C - a scroll of summoning
 F - a scroll of enchant weapon
Potions
 d - 2 potions of might
 f - 6 potions of heal wounds
 h - a potion of cancellation
 j - 6 potions of curing
 k - a potion of brilliance
 l - 2 potions of berserk rage
 m - 2 potions of flight
 o - a potion of haste
 s - 3 potions of lignification
 t - a potion of ambrosia {unknown}
 w - a potion of invisibility {unknown}
 z - a potion of attraction {unknown}
 E - 2 potions of resistance
 G - a potion of degeneration {unknown}


   Skills:
 + Level 7.6 Fighting
 + Level 9.7 Axes
 + Level 7.7 Armour
 - Level 0.2 Dodging
 - Level 0.5 Stealth
 + Level 5.6 Shields
 * Level 5.6 Evocations


You had 9 spell levels left.
You didn't know any spells.
Your spell library contained the following spells:

 Spells                   Type           Power      Damage    Failure   Level
 Frozen Ramparts          Ice            0%         1d2       100%        3
 Gell's Gravitas          Tloc           0%         N/A       100%        3
 Teleport Other           Tloc           0%         N/A       100%        3
 Ice Form                 Ice/Tmut       0%         N/A       100%        4
 Passage of Golubria      Tloc           N/A        N/A       100%        4
 Summon Ice Beast         Ice/Summ       0%         N/A       100%        4
 Silence                  Hex/Air        0%         N/A       100%        5
 Dispersal                Tloc           0%         N/A       100%        6
 Lehudib's Crystal Spear  Conj/Erth      0%         10d2      100%        8


Dungeon Overview and Level Annotations

Branches:
Dungeon (9/15)             Temple (1/1) D:7             Orc (0/2) D:9
Ossuary (visited)
   Lair: D:8-11

Altars:
Ashenzari
Cheibriados
Dithmenos
Elyvilon
Fedhas
Gozag
Hepliaklqana
Kikubaaqudgha
Makhleb
Nemelex Xobeh
Qazlal
Ru
Sif Muna
Trog
Uskayaw
Vehumet
Wu Jian
Xom
Yredelemnul
Zin

Shops:
D:2 (   D:8 (

Annotations:
D:4 2 transporters
D:7 exclusion: statue


Innate Abilities, Weirdness & Mutations

You are immune to sickness and miasma.
Your stone body is resilient. (AC +7)
You are immune to poison.
You resist negative energy. (rN+)
You are resistant to electric shocks. (rElec)
You are resistant to unholy torment.
You are immune to petrification.
Your large and strong wings let you fly.
You tend to lose your temper in combat.
You expend magic power (3 MP) to strengthen your wands.


Message History

The kobold brigand hits you but does no damage.
The kobold demonologist casts a spell.
You slash the kobold brigand!
You kill the kobold brigand!
You closely miss the kobold brigand. The kobold brigand barely misses you.
The kobold demonologist gestures wildly while chanting.
Unknown command.
You slash the quasit!
The quasit is severely wounded.
You hit the kobold brigand.
The sixfirhy hits you but does no damage.
The kobold brigand barely misses you. You block the sixfirhy's attack.
You slash the sixfirhy!
The sixfirhy is moderately wounded.
You closely miss the kobold brigand. You block the sixfirhy's attack.
The sixfirhy hits you but does no damage.
You block the sixfirhy's attack. The kobold brigand closely misses you.
The kobold demonologist miscasts a cantrip.
The sixfirhy hits you. The sixfirhy shocks you. You resist.
You hit the sixfirhy but do no damage.
The sixfirhy is moderately wounded.
You miss the kobold brigand.
The sixfirhy hits you but does no damage.
The kobold brigand closely misses you. The smoke demon gestures at you.
Something smites you!
* * * LOW HITPOINT WARNING * * *
You barely miss the sixfirhy.
The sixfirhy is lightly wounded.
You barely miss the kobold brigand.
The kobold brigand hits you but does no damage.
Unknown command.
You barely miss the sixfirhy.
The sixfirhy is lightly wounded.
Your chain mail prevents you from hitting the kobold brigand.
The sixfirhy hits you but does no damage.
The kobold brigand hits you but does no damage.
The smoke demon gestures at you. Something smites you!
You die...

#.)###. #...#..
#...... #......
####'## #...# ######
#.### #..5K5### #.#
#..KKK3@# #.#
#..3KK#K# #.#
#..KKK#.# #.#
#....K#.# ###.#
#######.#### #...#
#..........# #.###
..########.# #.#
##...##.######.######
##.....#..............


You could see a kobold demonologist, a sixfirhy (summoned), a smoke demon
(summoned), 4 kobold brigands, a quasit (summoned), a white imp (summoned) and 4
kobolds.

Vanquished Creatures
  Pikel (D:7)
  Joseph (D:7)
  A steam dragon (D:8)
  Menkaure (D:7)
  A water moccasin (D:8)
  3 ice beasts
  An orc warrior (D:7)
  3 sky beasts
  A black bear (D:8)
  5 necrophages
  2 ogres
  3 centaurs
  2 lemures (D:7)
  3 phantoms
  6 kobold brigands
  5 scorpions
  A bullfrog (D:6)
  3 wyvern zombies
  A water moccasin skeleton (D:7)
  A water moccasin zombie (Ossuary)
  A jelly (D:5)
  5 wights
  A howler monkey (D:8)
  4 bullfrog zombies (Ossuary)
  7 centaur zombies
  5 hounds
  Crazy Yiuf (D:5)
  3 orc priests (D:8)
  A centaur skeleton (D:7)
  A bullfrog skeleton (D:5)
  An iguana (D:4)
  Jessica (D:2)
  3 orc wizards (D:7)
  4 killer bee zombies
  A howler monkey zombie (Ossuary)
  14 mummies (Ossuary)
  3 gnolls
  A howler monkey skeleton (D:7)
  7 adders
  A shadow imp (D:7)
  A white imp (D:6)
  A dart slug (D:1)
  22 orcs
  5 endoplasms
  6 giant cockroaches
  13 goblins
  11 hobgoblins
  12 kobolds
  4 quokkas
  3 ball pythons (D:2)
  A bat (D:1)
  2 frilled lizards
  5 rats
196 creatures vanquished.

Vanquished Creatures (collateral kills)
  A goblin (D:6)
1 creature vanquished.

Vanquished Creatures (others)
  8 withered plants (Ossuary)
8 creatures vanquished.

Grand Total: 205 creatures vanquished

Notes
Turn   | Place    | Note
-------+----------+-------------------------------------------
     0 | D:1      | bande the Gargoyle Fighter began the quest for the Orb.
     0 | D:1      | Reached XP level 1. HP: 14/14 MP: 1/1
    36 | D:1      | Reached XP level 2. HP: 7/19 MP: 2/2
   563 | D:1      | Reached XP level 3. HP: 23/24 MP: 3/3
   994 | D:2      | Reached skill level 2 in Axes
  1296 | D:2      | Found Ecvo's Antique Weapon Shoppe.
  1538 | D:2      | Noticed Jessica
  1556 | D:2      | HP: 1/24 [Jessica (4)]
  1557 | D:2      | Killed Jessica
  1558 | D:2      | Reached XP level 4. HP: 2/29 MP: 4/4
  2359 | D:3      | Reached XP level 5. HP: 25/33 MP: 5/5
  2461 | D:3      | Found a bloodstained altar of Trog.
  3062 | D:4      | Noticed a necrophage
  3077 | D:4      | Killed a necrophage
  3078 | D:4      | Reached skill level 3 in Axes
  3078 | D:4      | Reached XP level 6. HP: 25/38 MP: 6/6
  3360 | D:4      | Found a transporter.
  3661 | D:4      | Found a transporter.
  3672 | D:4      | Identified the +11 whip of Ocletet {vorpal, *Rage rC+
                  | Str+3}
  4226 | D:5      | Entered Level 5 of the Dungeon
  4360 | D:5      | Reached skill level 4 in Axes
  4373 | D:5      | Reached skill level 5 in Armour
  4373 | D:5      | Reached XP level 7. HP: 38/44 MP: 7/7
  4636 | D:5      | Reached skill level 1 in Evocations
  5145 | D:5      | Reached skill level 5 in Fighting
  5145 | D:5      | Reached skill level 5 in Axes
  5373 | D:5      | Found a blossoming altar of Fedhas.
  5432 | D:5      | Reached XP level 8. HP: 42/49 MP: 8/8
  5767 | D:5      | Found a runed translucent door.
  5768 | D:5      | Noticed Crazy Yiuf
  5780 | D:5      | Killed Crazy Yiuf
  6061 | D:6      | Reached skill level 6 in Axes
  6281 | D:6      | Found a shimmering blue altar of Sif Muna.
  6384 | D:6      | Found a stormy altar of Qazlal.
  6751 | D:6      | Reached XP level 9. HP: 55/55 MP: 9/9
  7153 | D:7      | Found a hazy altar of Hepliaklqana.
  7163 | D:7      | Found a sand-covered staircase.
  7168 | D:7      | Reached skill level 7 in Axes
  7193 | Ossuary  | Entered an ossuary
  7835 | Ossuary  | Reached skill level 5 in Shields
  7933 | D:7      | Gained mutation: Your large and strong wings let you fly.
                  | [potion of mutation]
  7933 | D:7      | Gained mutation: You expend magic power (3 MP) to
                  | strengthen your wands. [potion of mutation]
  7933 | D:7      | Gained mutation: You tend to lose your temper in combat.
                  | [potion of mutation]
  8006 | D:7      | Noticed Joseph
  8021 | D:7      | Killed Joseph
  8022 | D:7      | Reached skill level 8 in Axes
  8370 | D:7      | Noticed Pikel
  8402 | D:7      | Killed Pikel
  8403 | D:7      | Reached skill level 5 in Evocations
  8403 | D:7      | Reached XP level 10. HP: 7/63 MP: 10/10
  8820 | D:7      | Found a staircase to the Ecumenical Temple.
  8834 | Temple   | Entered the Ecumenical Temple
  9156 | D:7      | Noticed Menkaure
  9162 | D:7      | Killed Menkaure
  9163 | D:7      | Reached skill level 9 in Axes
  9284 | D:7      | Found a radiant altar of Vehumet.
 10354 | D:8      | Found a glowing silver altar of Zin.
 10478 | D:8      | Found Wupasaoch's Antique Weapon Shoppe.
 10868 | D:9      | Found a staircase to the Orcish Mines.
 10888 | D:9      | Noticed a kobold demonologist
 10893 | D:9      | Noticed a sixfirhy
 10907 | D:9      | Noticed a smoke demon
 10910 | D:9      | Noticed a sixfirhy
 10918 | D:9      | Killed from afar by a smoke demon

Illustrated notes

Levels and vault maps discovered:
D:1:      scummos_arrival_simple_fountains, layout_loops_cross
D:2:      layout_loops_ring, serial_rivers, chequers_serial_rivers_marsh,
          chequers_serial_rivers_micro_c, chequers_serial_rivers_small_b,
          chequers_serial_rivers_room_a, chequers_serial_rivers_large_b,
          serial_shops, nicolae_shop_waterfront, corexii_shack, uniq_jessica
D:3:      layout_basic, lemuel_round_altar
D:4:      gammafunk_steamed_eel, layout_cave_pods, serial_glass,
          glass_columns_b, glass_columns_c, glass_columns_a, glass_columns_a,
          glass_columns_a, glass_columns_b, glass_columns_b, glass_columns_c,
          minmay_strange_pillars, minmay_strange_pillars,
          minmay_stone_trees_large
D:5:      layout_gridville, fedhas_bush_and_centaur_altar,
          uniq_crazy_yiuf_cottage
D:6:      corexii_shantytown, layout_basic, kennysheep_little_box,
          nicolae_qazlal_eye_of_the_storm, chequers_garden
D:7:      layout_rooms, nicolae_hepliaklqana_hazy_memory, vehumet_statue,
          minmay_temple_entry_glass, enter_ossuary_1, uniq_pikel, uniq_menkaure,
          uniq_joseph
D:8:      layout_loops_ring, zin_statuary, serial_shops, shop,
          kennysheep_crisscross, grunt_tough_drop
D:9:      layout_loops_ring, erik_lair_island, special_room
          [special_room_kobold], kennysheep_generic_room_8, uniq_grum
Temple:   nicolae_temple_figure_eight

Skill      XL: |  1  2  3  4  5  6  7  8  9 10 |
---------------+-------------------------------+-----
Axes           | 2 3 4 5 6 8 9 |  9.7
Fighting       | 4 5 6 7 |  7.6
Armour         | 4 5 6 7 |  7.7
Shields        | 4 5 |  5.6
Evocations     | 1 3 5 |  5.6
Dodging        | |  0.2
Stealth        | |  0.5

Action                   |  1- 3 |  4- 6 |  7- 9 | 10-12 || total
-------------------------+-------+-------+-------+-------++-------
Melee: War axe           |    85 |   131 |   425 |   174 ||   815
  Use: Scroll            |     2 |     5 |     9 |     7 ||    23
       Potion            |       |       |     1 |       ||     1
Armor: Scale mail        |    45 |    50 |       |       ||    95
       Chain mail        |       |    41 |   289 |   171 ||   501
Dodge: Dodged            |    37 |    61 |   168 |    80 ||   346
Block: Buckler           |    14 |    28 |    91 |    59 ||   192

Table legend: (Time is in decaauts)
 A = Elapsed time spent in this place.
 B = Non-inter-level travel time spent in this place.
 C = Inter-level travel time spent in this place.
 D = Time resting spent in this place.
 E = Time spent auto-exploring this place.
 F = Levels seen in this place.
 G = Mean time per level.
                   A        B        C        D        E       F      G
               +--------+--------+--------+--------+--------+-----+--------+
         Total |  11147 |  11063 |     84 |   2121 |   6861 |  11 | 1013.4 |
       Dungeon |  10170 |  10086 |     84 |   1854 |   6485 |   9 | 1130.0 |
        Temple |    207 |    207 |      0 |      0 |    198 |   1 |  207.0 |
       Ossuary |    768 |    768 |      0 |    267 |    177 |   1 |  768.0 |
               +--------+--------+--------+--------+--------+-----+--------+

Top non-repeatable levels by time:
     D:5: 1854 daAuts
     D:7: 1758 daAuts
     D:2: 1418 daAuts
     D:4: 1183 daAuts
     D:6: 1094 daAuts
     D:1: 1003 daAuts
     D:8: 1000 daAuts
 Ossuary: 768 daAuts
     D:3: 739 daAuts
  Temple: 207 daAuts
     D:9: 119 daAuts
